AoeStats
← Tomato

Lombardia

508294907Analyzed
4v4 RM · 10d ago on Sep 21, 2026· 46m 3s· 8 players
Game mode
Random Map
Map size
Large (8 player)
Population
200
Speed
Normal
Resources
Standard
Victory
Conquest
Starting age
Dark Age
Ending age
Imperial Age
RankedLock teamsTeams togetherTeam positionsShared explorationLock speedFull tech treeHidden civsTurbo modeCheats
Victory
Defeat
🇺🇸 Georgians · United States
1385
+16
🇳🇱 Britons · Netherlands
1355
+17
🇩🇴 Huns · Dominican Republic
1355
+17
🇫🇮 Burgundians · Finland
1353
+17
🇧🇷 Spanish · Brazil
1421
-19
1389
-17
🇦🇷 Byzantines · Argentina
1379
-17
🇨🇴 Magyars · Colombia
1307
-14
nbelgrad1
9:56 Feudal Age
13:48 Castle Age
11:51 Double-Bit Axe
16:36 Loom
19:26 Horse Collar
22:22 Wheelbarrow
22:00 Stone Mining
23:18 Hand Cart
28:01 Imperial Age
25:51 Gold Mining
26:14 Bow Saw
26:08 Heavy Plow
27:23 Scale Barding Armor
27:28 Forging
28:00 Svan Towers
28:38 Chain Barding Armor
29:20 Crop Rotation
29:35 Conscription
30:35 Fletching
30:46 Padded Archer Armor
31:08 Ballistics
31:48 Chemistry
30:59 Masonry
32:19 Elite Monaspa
34:19 Plate Barding Armor
34:19 Iron Casting
34:54 Fortified Wall
35:16 Architecture
38:42 Blast Furnace
39:01 Guard Tower
38:56 Arrowslits
41:32 Keep
40:28 Capped Ram
41:45 Siege Ram
Full power No shower
4:45 Double-Bit Axe
9:01 Horse Collar
11:59 Feudal Age
16:09 Castle Age
14:23 Bow Saw
14:47 Gold Mining
15:40 Heavy Plow
17:09 Gold Shaft Mining
16:29 Cavalier
22:16 Wheelbarrow
24:32 Stone Mining
27:51 Hand Cart
28:01 Husbandry
28:15 Scale Barding Armor
29:24 Chain Barding Armor
29:35 Loom
31:02 Forging
34:57 Imperial Age
32:41 Burgundian Vineyards
34:14 Iron Casting
33:23 Treadmill Crane
34:12 Pikeman
34:54 Squires
34:56 Scale Mail Armor
35:21 Paladin
37:42 Plate Barding Armor
37:54 Conscription
38:37 Blast Furnace
41:34 Masonry
41:55 Fletching
42:27 Ballistics
45:33 Chemistry
44:37 Bodkin Arrow
PoLaiNas
0:30 Loom
11:40 Feudal Age
12:16 Double-Bit Axe
18:05 Castle Age
16:47 Horse Collar
19:15 Bow Saw
22:00 Gold Mining
24:55 Wheelbarrow
27:33 Fletching
27:44 Padded Archer Armor
27:52 Caravan
30:22 Thumb Ring
31:42 Ballistics
31:58 Bodkin Arrow
32:34 Stone Mining
33:06 Hand Cart
33:12 Town Watch
35:41 Leather Archer Armor
36:08 Gold Shaft Mining
37:52 Town Patrol
42:15 Imperial Age
42:18 Crossbowman
43:26 Parthian Tactics
42:22 Heavy Cavalry Archer
43:04 Bracer
44:13 Chemistry
Tomato
9:15 Loom
11:00 Feudal Age
11:50 Double-Bit Axe
12:14 Horse Collar
15:24 Castle Age
14:48 Gold Mining
15:13 Loom
15:47 Fletching
17:07 Crossbowman
18:38 Bodkin Arrow
19:41 Wheelbarrow
24:02 Ballistics
24:17 Padded Archer Armor
25:42 Heavy Plow
32:47 Imperial Age
31:28 Gold Shaft Mining
30:43 Stone Mining
31:12 Bow Saw
32:07 Yeomen
32:03 Fortified Wall
32:52 Elite Longbowman
33:52 Conscription
34:14 Bracer
37:23 Leather Archer Armor
37:09 Scale Mail Armor
37:19 Forging
36:32 Arbalester
38:18 Chemistry
36:59 Treadmill Crane
37:30 Masonry
38:24 Chemistry
37:36 Masonry
38:10 Hand Cart
37:40 Town Watch
41:03 Squires
40:24 Pikeman
42:34 Caravan
[IMGG]Poncho
6:58 Loom
9:22 Feudal Age
10:12 Double-Bit Axe
10:10 Horse Collar
16:30 Wheelbarrow
20:17 Castle Age
18:32 Gold Mining
19:12 Scale Barding Armor
19:39 Bloodlines
21:09 Husbandry
21:31 Chain Barding Armor
21:17 Light Cavalry
23:10 Bow Saw
24:58 Heavy Plow
30:15 Hand Cart
30:39 Gold Shaft Mining
38:49 Imperial Age
40:11 Plate Barding Armor
38:58 Cavalier
40:44 Two-Man Saw
Julio2
3:01 Loom
10:46 Feudal Age
12:48 Double-Bit Axe
12:45 Horse Collar
15:38 Wheelbarrow
18:07 Castle Age
16:04 Stone Mining
19:20 Bow Saw
19:10 Heavy Plow
24:28 Gold Mining
25:13 Padded Archer Armor
27:13 Leather Archer Armor
27:48 Hand Cart
31:43 Imperial Age
32:02 Elite Conquistador
33:04 Conscription
34:04 Town Watch
34:51 Ring Archer Armor
34:33 Bloodlines
34:23 Husbandry
41:26 Fletching
43:16 Inquisition
43:36 Supremacy
PapusPopus
10:50 Feudal Age
11:35 Loom
15:03 Castle Age
14:59 Double-Bit Axe
14:57 Horse Collar
16:23 Bow Saw
21:44 Scale Barding Armor
22:11 Forging
23:35 Chain Barding Armor
23:54 Wheelbarrow
24:59 Husbandry
25:37 Iron Casting
25:14 Heavy Plow
25:08 Gold Mining
25:13 Stone Mining
27:34 Scale Mail Armor
31:04 Imperial Age
30:27 Stone Shaft Mining
30:29 Gold Shaft Mining
30:49 Chain Mail Armor
29:55 Pikeman
30:36 Squires
30:22 Arson
31:39 Fletching
31:39 Heavy Camel Rider
33:01 Plate Barding Armor
double barrack mountain king
12:22 Feudal Age
16:23 Castle Age
15:51 Horse Collar
16:13 Double-Bit Axe
16:48 Fletching
20:04 Heavy Plow
20:58 Bow Saw
25:14 Wheelbarrow
24:33 Loom
24:47 Bodkin Arrow
24:47 Gold Mining
24:49 Stone Mining
27:11 Gold Shaft Mining
28:43 Hand Cart
31:18 Stone Shaft Mining
34:16 Imperial Age
31:59 Padded Archer Armor
34:14 Leather Archer Armor
35:32 Bracer
34:56 Elite Guecha Warrior
36:40 Ballistics
37:21 Chemistry
38:07 Conscription
43:33 Coinage
44:55 Banking
44:23 Murder Holes
44:44 Masonry
Connection lost

Rejoining the realm…

Still unreachable

The connection could not be restored.

Session expired

The server has moved on; the page needs a fresh start.